[ AOE2 MATCH · #475168676 ]
Team RMSaracens vs Lithuanians
[ REPLAY ANALYSIS · EXTRACTED FROM THE RECORDED GAME ]
Feudal
11:54
Castle
15:57
Imperial
34:12
| APM avg | 34.4 |
| APM peak | 77 |
| eAPM avg | 14.6 |
| Villagers / military | 126 / 57 |
Focus
⚔️ 19.0% · 🌾 81.0%
Mameluke ×52 · Scorpion ×4 · Mangonel ×1
Feudal
10:15
Castle
13:48
Imperial
28:13
| APM avg | 28.9 |
| APM peak | 71 |
| eAPM avg | 17.3 |
| Villagers / military | 151 / 86 |
Focus
⚔️ 15.3% · 🌾 84.7%
Knight ×75 · Bombard Cannon ×7 · Monk ×4
Feudal
10:55
Castle
14:50
Imperial
29:17
| APM avg | 41.8 |
| APM peak | 82 |
| eAPM avg | 22.3 |
| Villagers / military | 112 / 68 |
Focus
⚔️ 20.8% · 🌾 79.2%
Scorpion ×39 · Bombard Cannon ×25 · Monk ×2 · Mangonel ×2 · Trade Cart ×1
Feudal
9:15
Castle
20:16
Imperial
34:20
| APM avg | 53.1 |
| APM peak | 96 |
| eAPM avg | 28.4 |
| Villagers / military | 162 / 65 |
Focus
⚔️ 42.9% · 🌾 57.1%
Kipchak ×50 · Battering Ram ×14 · Trade Cart ×2 · Mangonel ×1
Feudal
12:42
Castle
16:12
Imperial
—
| APM avg | 21.2 |
| APM peak | 66 |
| eAPM avg | 14.0 |
| Villagers / military | 92 / 56 |
Focus
⚔️ 28.7% · 🌾 71.3%
Spearman ×44 · Scorpion ×12
Feudal
9:15
Castle
23:22
Imperial
33:39
| APM avg | 51.5 |
| APM peak | 89 |
| eAPM avg | 24.7 |
| Villagers / military | 132 / 132 |
Focus
⚔️ 33.5% · 🌾 66.5%
Archer ×65 · Longbowman ×62 · Trebuchet (Packed) ×3 · Monk ×2
Feudal
12:11
Castle
16:14
Imperial
33:24
| APM avg | 35.3 |
| APM peak | 63 |
| eAPM avg | 22.7 |
| Villagers / military | 160 / 4 |
Focus
⚔️ 18.4% · 🌾 81.6%
Unknown (2550) ×53 · Petard ×2 · Mangonel ×2
Feudal
10:40
Castle
16:25
Imperial
33:47
| APM avg | 34.8 |
| APM peak | 70 |
| eAPM avg | 15.6 |
| Villagers / military | 154 / 17 |
Focus
⚔️ 27.8% · 🌾 72.2%
Unknown (2550) ×76 · Scorpion ×9 · Mangonel ×4 · Battering Ram ×4
Match map
Initial resources + every placement click. Lines = walls · curves = elevation contours. ◆ gold · ⬟ stone · ● berries · ✦ relic · ◌ wall gap
Your base· Open — 4t gap
privalovivan99's base· Open — unwalled flank
Vingtor's base· Open — unwalled flank
Rex Caedis's base· Open — unwalled flank
Kuro's base· Open — unwalled flank
Benni's base· Open — unwalled flank
Rumpel the Idle's base· Open — unwalled flank
EZLIVING:D's base· Open — unwalled flank
Smoothed initial terrain · ◌ = detected wall gap · hover for details
Inputs per minute
— pNaStY- oG. - - privalovivan99
Build order — pNaStY- oG.
First 150 of 281 actions detected
| 0:01 | Create | Villager (Male) |
| 0:01 | Create | Villager (Male) |
| 0:02 | Create | Villager (Male) |
| 0:02 | Create | Villager (Male) |
| 0:02 | Create | Villager (Male) |
| 0:04 | Build | House |
| 0:06 | Build | House |
| 0:44 | Research | Loom |
| 0:45 | Create | Villager (Male) |
| 0:45 | Create | Villager (Male) |
| 0:45 | Create | Villager (Male) |
| 2:01 | Create | Villager (Male) |
| 2:01 | Create | Villager (Male) |
| 2:19 | Build | Lumber Camp |
| 2:28 | Create | Villager (Male) |
| 2:29 | Create | Villager (Male) |
| 3:08 | Create | Villager (Male) |
| 3:08 | Create | Villager (Male) |
| 4:05 | Build | House |
| 4:19 | Create | Villager (Male) |
| 4:19 | Create | Villager (Male) |
| 4:35 | Build | House |
| 4:52 | Build | House |
| 5:09 | Create | Villager (Male) |
| 5:09 | Create | Villager (Male) |
| 5:36 | Create | Villager (Male) |
| 5:36 | Create | Villager (Male) |
| 5:43 | Build | Mill |
| 6:33 | Create | Villager (Male) |
| 6:33 | Create | Villager (Male) |
| 7:05 | Create | Villager (Male) |
| 7:22 | Create | Villager (Male) |
| 8:00 | Create | Villager (Male) |
| 8:50 | Create | Villager (Male) |
| 8:50 | Create | Villager (Male) |
| 9:21 | Research | Feudal Age |
| 9:46 | Build | Palisade Wall |
| 9:58 | Build | Mining Camp |
| 10:17 | Build | House |
| 10:22 | Build | Palisade Wall |
| 11:08 | Create | Villager (Male) |
| 11:08 | Create | Villager (Male) |
| 11:10 | Create | Villager (Male) |
| 11:54 | Age | Feudal Age |
| 12:00 | Build | Market |
| 12:20 | Build | Blacksmith |
| 13:04 | Build | House |
| 13:17 | Research | Castle Age |
| 13:17 | Research | Castle Age |
| 13:41 | Build | Mining Camp |
| 13:55 | Build | Watch Tower |
| 14:46 | Build | Watch Tower |
| 14:56 | Build | Watch Tower |
| 15:13 | Research | Fletching |
| 15:13 | Research | Fletching |
| 15:19 | Build | House |
| 15:21 | Build | Palisade Wall |
| 15:45 | Research | Double-Bit Axe |
| 15:45 | Research | Double-Bit Axe |
| 15:57 | Age | Castle Age |
| 16:01 | Build | Town Center |
| 16:04 | Create | Villager (Male) |
| 16:04 | Create | Villager (Male) |
| 16:05 | Create | Villager (Male) |
| 16:47 | Build | Siege Workshop |
| 17:01 | Research | Horse Collar |
| 17:01 | Research | Horse Collar |
| 17:33 | Build | Farm |
| 17:33 | Build | Farm |
| 17:34 | Build | Farm |
| 17:34 | Build | Farm |
| 17:37 | Create | Villager (Male) |
| 17:37 | Create | Villager (Male) |
| 17:37 | Create | Villager (Male) |
| 17:37 | Create | Villager (Male) |
| 17:38 | Create | Villager (Male) |
| 17:38 | Create | Villager (Male) |
| 17:41 | Build | Farm |
| 18:08 | Create | Mangonel |
| 18:18 | Build | Farm |
| 18:27 | Create | Villager (Male) |
| 18:30 | Create | Villager (Male) |
| 18:30 | Create | Villager (Male) |
| 18:32 | Build | Farm |
| 18:48 | Build | Farm |
| 18:48 | Build | Farm |
| 18:48 | Build | Farm |
| 18:48 | Build | Farm |
| 18:49 | Build | Farm |
| 19:27 | Build | Farm |
| 19:29 | Build | Farm |
| 19:31 | Build | Farm |
| 19:33 | Build | Farm |
| 19:37 | Create | Villager (Male) |
| 19:37 | Create | Villager (Male) |
| 19:37 | Create | Villager (Male) |
| 19:37 | Create | Villager (Male) |
| 19:38 | Create | Villager (Male) |
| 20:09 | Build | Farm |
| 20:13 | Research | Stone Mining |
| 20:39 | Build | Farm |
| 20:41 | Build | Farm |
| 20:47 | Create | Villager (Male) |
| 20:47 | Create | Villager (Male) |
| 20:48 | Create | Villager (Male) |
| 20:48 | Create | Villager (Male) |
| 21:14 | Build | Castle |
| 22:12 | Create | Villager (Male) |
| 22:13 | Create | Villager (Male) |
| 22:13 | Create | Villager (Male) |
| 22:13 | Create | Villager (Male) |
| 22:13 | Create | Villager (Male) |
| 22:14 | Create | Villager (Male) |
| 22:14 | Create | Villager (Male) |
| 22:14 | Create | Villager (Male) |
| 22:14 | Create | Villager (Male) |
| 22:15 | Create | Villager (Male) |
| 22:23 | Build | Town Center |
| 22:30 | Create | Mameluke |
| 22:50 | Create | Mameluke |
| 22:50 | Create | Mameluke |
| 22:51 | Create | Mameluke |
| 23:26 | Create | Mameluke |
| 23:53 | Build | Barracks |
| 24:09 | Build | Farm |
| 24:10 | Build | Farm |
| 24:13 | Build | Farm |
| 24:17 | Build | Lumber Camp |
| 24:27 | Create | Villager (Male) |
| 24:27 | Create | Villager (Male) |
| 24:27 | Create | Villager (Male) |
| 24:27 | Create | Villager (Male) |
| 24:28 | Create | Villager (Male) |
| 24:28 | Create | Villager (Male) |
| 24:32 | Research | Wheelbarrow |
| 25:15 | Research | Scale Barding Armor |
| 25:23 | Create | Mameluke |
| 25:23 | Create | Mameluke |
| 25:23 | Create | Mameluke |
| 25:27 | Build | Stable |
| 25:30 | Build | Farm |
| 25:30 | Build | Farm |
| 25:30 | Build | Farm |
| 25:48 | Build | Castle |
| 25:52 | Build | Mining Camp |
| 25:58 | Research | Gold Mining |
| 25:58 | Research | Gold Mining |
| 26:08 | Research | Forging |
| 26:20 | Build | Farm |
| 26:21 | Build | Farm |
Build order — privalovivan99
First 150 of 258 actions detected
| 0:05 | Create | Villager (Male) ×5 |
| 0:06 | Create | Villager (Male) ×5 |
| 0:09 | Build | House |
| 0:10 | Build | House |
| 1:33 | Create | Villager (Male) |
| 2:02 | Build | Lumber Camp |
| 2:06 | Create | Villager (Male) |
| 3:15 | Create | Villager (Male) |
| 3:16 | Create | Villager (Male) |
| 4:00 | Build | House |
| 4:19 | Create | Villager (Male) |
| 4:19 | Create | Villager (Male) |
| 4:24 | Build | Mill |
| 4:53 | Create | Villager (Male) |
| 5:10 | Build | House |
| 5:35 | Create | Villager (Male) ×5 |
| 5:35 | Create | Villager (Male) ×5 |
| 6:58 | Build | Mining Camp |
| 7:31 | Create | Villager (Male) |
| 7:58 | Research | Feudal Age |
| 8:26 | Create | Villager (Male) |
| 9:50 | Create | Villager (Male) |
| 10:15 | Age | Feudal Age |
| 10:19 | Build | Market |
| 10:25 | Build | Blacksmith |
| 11:08 | Research | Castle Age |
| 11:47 | Research | Double-Bit Axe |
| 11:55 | Build | House |
| 12:46 | Research | Horse Collar |
| 13:48 | Age | Castle Age |
| 13:54 | Build | Town Center |
| 13:58 | Create | Villager (Male) |
| 13:58 | Create | Villager (Male) |
| 14:02 | Build | Town Center |
| 14:11 | Build | Monastery |
| 14:28 | Build | Farm |
| 14:45 | Create | Monk |
| 14:48 | Create | Villager (Male) |
| 14:53 | Build | Farm |
| 15:03 | Create | Villager (Male) |
| 15:15 | Create | Villager (Male) |
| 15:15 | Create | Villager (Male) |
| 15:24 | Build | Farm |
| 15:32 | Create | Villager (Male) |
| 15:32 | Create | Villager (Male) |
| 15:42 | Create | Villager (Male) ×5 |
| 15:42 | Create | Villager (Male) ×5 |
| 15:42 | Create | Villager (Male) ×2 |
| 15:47 | Build | House |
| 15:55 | Build | Farm |
| 15:57 | Build | Farm |
| 16:11 | Build | Farm |
| 16:30 | Build | Farm |
| 16:40 | Create | Villager (Male) |
| 16:45 | Create | Villager (Male) ×5 |
| 16:45 | Create | Villager (Male) ×5 |
| 16:50 | Build | Farm |
| 17:01 | Create | Villager (Male) |
| 17:01 | Create | Villager (Male) |
| 17:07 | Build | House |
| 17:08 | Build | House |
| 17:23 | Build | Farm |
| 17:24 | Build | Farm |
| 17:25 | Build | Farm |
| 17:27 | Build | Farm |
| 17:30 | Build | Farm |
| 17:30 | Build | Farm |
| 17:45 | Build | Farm |
| 17:50 | Build | House |
| 17:51 | Build | House |
| 17:54 | Create | Villager (Male) ×5 |
| 17:55 | Create | Villager (Male) ×5 |
| 18:07 | Create | Monk |
| 18:16 | Build | Farm |
| 18:24 | Build | Farm |
| 18:25 | Build | Farm |
| 18:28 | Build | Farm |
| 18:28 | Build | Farm |
| 18:30 | Build | Farm |
| 18:34 | Create | Villager (Male) ×4 |
| 18:35 | Create | Villager (Male) ×4 |
| 18:42 | Build | House |
| 19:15 | Research | Wheelbarrow |
| 19:16 | Create | Villager (Male) |
| 19:21 | Build | House |
| 19:22 | Build | House |
| 19:23 | Build | House |
| 19:29 | Build | Farm |
| 19:31 | Build | Farm |
| 19:33 | Build | Farm |
| 19:34 | Build | Farm |
| 19:35 | Build | Farm |
| 19:36 | Build | Farm |
| 19:42 | Build | Farm |
| 20:04 | Create | Monk |
| 20:04 | Create | Monk |
| 20:15 | Build | House |
| 20:16 | Build | House |
| 20:21 | Create | Villager (Male) ×5 |
| 20:21 | Create | Villager (Male) ×5 |
| 20:25 | Build | Farm |
| 21:05 | Research | Hand Cart |
| 21:05 | Create | Villager (Male) ×5 |
| 21:09 | Build | Mill |
| 21:16 | Build | Farm |
| 21:17 | Build | Farm |
| 21:17 | Build | Farm |
| 21:20 | Build | Farm |
| 21:27 | Build | House |
| 21:28 | Build | House |
| 21:29 | Build | House |
| 21:33 | Build | House |
| 21:34 | Build | House |
| 21:45 | Build | Farm |
| 21:46 | Build | Farm |
| 21:48 | Build | Farm |
| 21:49 | Build | Farm |
| 22:05 | Build | Barracks |
| 22:12 | Build | Farm |
| 22:14 | Build | Farm |
| 22:20 | Create | Villager (Male) |
| 22:20 | Create | Villager (Male) |
| 22:21 | Create | Villager (Male) |
| 22:27 | Build | Lumber Camp |
| 22:30 | Create | Villager (Male) |
| 22:30 | Create | Villager (Male) |
| 22:30 | Create | Villager (Male) |
| 22:33 | Research | Loom |
| 22:33 | Create | Villager (Male) |
| 22:37 | Build | House |
| 22:38 | Build | House |
| 23:10 | Build | Stable |
| 23:18 | Create | Villager (Male) ×5 |
| 23:32 | Build | University |
| 23:45 | Build | House |
| 23:46 | Build | House |
| 23:48 | Build | House |
| 23:49 | Build | House |
| 23:58 | Create | Villager (Male) ×5 |
| 24:11 | Build | Lumber Camp |
| 24:36 | Build | Stable |
| 24:39 | Build | Stable |
| 24:55 | Research | Imperial Age |
| 24:58 | Create | Villager (Male) |
| 24:58 | Create | Villager (Male) |
| 25:00 | Create | Villager (Male) |
| 25:00 | Create | Villager (Male) |
| 25:01 | Create | Villager (Male) |
| 25:17 | Research | Forging |
| 25:18 | Research | Scale Barding Armor |
Build order — Vingtor
First 150 of 313 actions detected
| 0:01 | Create | Villager (Male) |
| 0:02 | Build | House |
| 0:04 | Build | House |
| 0:12 | Create | Villager (Male) |
| 0:12 | Create | Villager (Male) |
| 0:12 | Create | Villager (Male) |
| 1:58 | Create | Villager (Male) |
| 1:58 | Create | Villager (Male) |
| 2:14 | Create | Villager (Male) |
| 2:14 | Create | Villager (Male) |
| 2:28 | Create | Villager (Male) |
| 2:28 | Create | Villager (Male) |
| 3:02 | Create | Villager (Male) |
| 3:03 | Create | Villager (Male) |
| 3:14 | Create | Villager (Male) |
| 3:14 | Create | Villager (Male) |
| 3:34 | Create | Villager (Male) |
| 3:34 | Create | Villager (Male) |
| 3:42 | Build | Lumber Camp |
| 3:59 | Build | House |
| 4:40 | Create | Villager (Male) |
| 4:40 | Create | Villager (Male) |
| 5:47 | Create | Villager (Male) |
| 6:15 | Create | Villager (Male) |
| 6:15 | Create | Villager (Male) |
| 6:15 | Create | Villager (Male) |
| 6:19 | Build | House |
| 6:39 | Build | Mill |
| 6:56 | Build | Palisade Wall |
| 7:14 | Create | Villager (Male) |
| 7:14 | Create | Villager (Male) |
| 7:48 | Build | Mining Camp |
| 7:55 | Create | Villager (Male) |
| 7:56 | Create | Villager (Male) |
| 8:35 | Research | Feudal Age |
| 8:36 | Research | Feudal Age |
| 8:51 | Build | House |
| 10:51 | Create | Villager (Male) |
| 10:51 | Create | Villager (Male) |
| 10:55 | Age | Feudal Age |
| 11:04 | Build | Market |
| 11:10 | Build | Blacksmith |
| 11:13 | Create | Villager (Male) |
| 11:51 | Build | House |
| 11:58 | Research | Castle Age |
| 11:58 | Research | Castle Age |
| 12:18 | Research | Double-Bit Axe |
| 12:46 | Build | House |
| 13:14 | Build | House |
| 13:42 | Build | House |
| 13:44 | Build | House |
| 13:46 | Build | House |
| 14:06 | Create | Villager (Male) |
| 14:39 | Research | Horse Collar |
| 14:50 | Age | Castle Age |
| 14:54 | Build | Siege Workshop |
| 14:55 | Create | Villager (Male) |
| 14:55 | Create | Villager (Male) |
| 15:03 | Build | Town Center |
| 15:17 | Research | Bow Saw |
| 15:20 | Build | Farm |
| 15:40 | Create | Scorpion |
| 15:45 | Build | Farm |
| 15:49 | Create | Mangonel |
| 15:52 | Create | Villager (Male) |
| 15:52 | Create | Villager (Male) |
| 15:56 | Build | Farm |
| 15:59 | Research | Town Watch |
| 16:11 | Create | Villager (Male) |
| 16:12 | Create | Villager (Male) |
| 16:20 | Build | Farm |
| 16:22 | Build | Farm |
| 16:37 | Create | Scorpion |
| 16:45 | Build | Farm |
| 16:52 | Research | Wheelbarrow |
| 16:56 | Build | Farm |
| 17:13 | Build | House |
| 17:14 | Build | House |
| 17:20 | Create | Villager (Male) |
| 17:21 | Create | Villager (Male) |
| 17:22 | Research | Loom |
| 17:22 | Research | Loom |
| 17:41 | Create | Villager (Male) |
| 17:41 | Create | Villager (Male) |
| 17:50 | Build | Town Center |
| 17:57 | Build | Farm |
| 18:26 | Build | Monastery |
| 18:28 | Create | Villager (Male) |
| 18:28 | Create | Villager (Male) |
| 18:28 | Create | Villager (Male) |
| 18:28 | Create | Villager (Male) |
| 18:35 | Build | Farm |
| 18:39 | Create | Villager (Male) |
| 18:45 | Build | Farm |
| 18:47 | Build | Farm |
| 18:59 | Create | Monk |
| 19:03 | Create | Villager (Male) |
| 19:03 | Create | Villager (Male) |
| 19:12 | Create | Villager (Male) |
| 19:12 | Create | Villager (Male) |
| 19:15 | Build | Farm |
| 19:30 | Create | Villager (Male) |
| 19:36 | Build | Farm |
| 19:48 | Create | Villager (Male) |
| 19:48 | Create | Villager (Male) |
| 19:49 | Create | Villager (Male) |
| 20:09 | Create | Monk |
| 20:13 | Create | Villager (Male) |
| 20:13 | Create | Villager (Male) |
| 20:14 | Create | Villager (Male) |
| 20:15 | Build | Farm |
| 20:18 | Build | Farm |
| 20:21 | Create | Villager (Male) |
| 20:21 | Create | Villager (Male) |
| 20:38 | Build | Town Center |
| 20:42 | Create | Villager (Male) |
| 20:52 | Create | Villager (Male) |
| 20:52 | Create | Villager (Male) |
| 20:52 | Create | Villager (Male) |
| 21:02 | Build | Farm |
| 21:08 | Create | Villager (Male) |
| 21:08 | Create | Villager (Male) |
| 21:08 | Create | Villager (Male) |
| 21:08 | Create | Villager (Male) |
| 22:25 | Build | Castle |
| 22:38 | Build | Stone Wall |
| 23:07 | Build | House |
| 23:28 | Create | Villager (Male) |
| 23:28 | Create | Villager (Male) |
| 23:39 | Build | Lumber Camp |
| 23:50 | Research | Fletching |
| 23:56 | Build | Farm |
| 23:57 | Build | Farm |
| 24:03 | Build | Farm |
| 24:05 | Build | Farm |
| 24:07 | Create | Villager (Male) |
| 24:07 | Create | Villager (Male) |
| 24:08 | Create | Villager (Male) |
| 24:18 | Create | Mangonel |
| 24:30 | Create | Villager (Male) |
| 24:30 | Create | Villager (Male) |
| 24:30 | Create | Villager (Male) |
| 24:36 | Build | Farm |
| 24:43 | Build | Farm |
| 24:46 | Create | Villager (Male) |
| 24:46 | Create | Villager (Male) |
| 24:46 | Create | Villager (Male) |
| 25:01 | Create | Villager (Male) |
| 25:02 | Create | Villager (Male) |
| 25:02 | Create | Villager (Male) |
Build order — Rex Caedis
First 150 of 360 actions detected
| 0:00 | Create | Villager (Male) |
| 0:01 | Create | Villager (Male) |
| 0:01 | Build | House |
| 0:03 | Build | House |
| 0:09 | Create | Villager (Male) |
| 0:10 | Create | Villager (Male) |
| 1:24 | Create | Villager (Male) |
| 1:25 | Create | Villager (Male) |
| 1:59 | Create | Villager (Male) |
| 1:59 | Create | Villager (Male) |
| 2:01 | Create | Villager (Male) |
| 2:33 | Create | Villager (Male) |
| 2:41 | Create | Villager (Male) |
| 3:20 | Create | Villager (Male) |
| 3:23 | Build | House |
| 3:48 | Create | Villager (Male) |
| 4:12 | Create | Villager (Male) |
| 4:50 | Create | Villager (Male) |
| 4:59 | Build | Lumber Camp |
| 5:23 | Create | Villager (Male) |
| 5:37 | Create | Villager (Male) |
| 5:47 | Build | House |
| 6:04 | Create | Villager (Male) |
| 6:23 | Build | Palisade Wall |
| 6:24 | Build | Palisade Wall |
| 6:25 | Build | Palisade Wall |
| 6:26 | Build | Palisade Wall |
| 6:26 | Build | Palisade Wall |
| 6:29 | Create | Villager (Male) |
| 6:30 | Build | Mill |
| 6:58 | Research | Feudal Age |
| 8:22 | Create | Villager (Male) |
| 8:22 | Create | Villager (Male) |
| 9:15 | Age | Feudal Age |
| 9:17 | Build | Town Center |
| 9:21 | Research | Double-Bit Axe |
| 9:22 | Research | Horse Collar |
| 9:36 | Build | House |
| 9:44 | Create | Villager (Male) |
| 10:06 | Build | House |
| 10:25 | Create | Villager (Male) |
| 10:31 | Create | Villager (Male) |
| 10:31 | Create | Villager (Male) |
| 10:45 | Build | Palisade Wall |
| 10:51 | Build | Palisade Gate |
| 10:52 | Build | Palisade Wall |
| 10:52 | Build | Palisade Wall |
| 10:52 | Build | Palisade Wall |
| 10:53 | Create | Villager (Male) |
| 10:58 | Build | Farm |
| 10:59 | Build | Farm |
| 11:00 | Build | Farm |
| 11:02 | Create | Villager (Male) |
| 11:13 | Build | Farm |
| 11:16 | Create | Villager (Male) |
| 11:23 | Build | Farm |
| 11:28 | Build | Farm |
| 11:35 | Create | Villager (Male) |
| 11:54 | Create | Villager (Male) |
| 12:03 | Create | Villager (Male) |
| 12:03 | Create | Villager (Male) |
| 12:19 | Create | Villager (Male) |
| 12:24 | Create | Villager (Male) |
| 12:27 | Build | Farm |
| 12:30 | Build | House |
| 12:41 | Create | Villager (Male) |
| 12:41 | Create | Villager (Male) |
| 12:42 | Create | Villager (Male) |
| 13:00 | Build | House |
| 13:03 | Create | Villager (Male) |
| 13:03 | Create | Villager (Male) |
| 13:19 | Create | Villager (Male) |
| 13:19 | Create | Villager (Male) |
| 13:27 | Build | Market |
| 13:33 | Create | Villager (Male) |
| 13:33 | Create | Villager (Male) |
| 13:38 | Build | Outpost |
| 13:42 | Create | Villager (Male) |
| 13:45 | Build | Farm |
| 13:49 | Build | Mining Camp |
| 13:52 | Create | Villager (Male) |
| 13:57 | Create | Villager (Male) |
| 14:11 | Build | Outpost |
| 14:12 | Create | Villager (Male) |
| 14:19 | Build | Farm |
| 14:19 | Create | Villager (Male) |
| 14:21 | Build | Farm |
| 14:31 | Create | Villager (Male) |
| 14:35 | Build | Palisade Wall |
| 14:38 | Create | Villager (Male) |
| 14:39 | Create | Villager (Male) |
| 14:40 | Research | Wheelbarrow |
| 14:40 | Research | Wheelbarrow |
| 14:45 | Build | House |
| 14:48 | Build | Farm |
| 14:59 | Build | House |
| 15:00 | Create | Villager (Male) |
| 15:06 | Build | House |
| 15:08 | Create | Villager (Male) |
| 15:31 | Build | Blacksmith |
| 15:41 | Create | Villager (Male) |
| 15:46 | Build | House |
| 15:54 | Build | Mining Camp |
| 16:06 | Build | Farm |
| 16:11 | Build | Farm |
| 16:14 | Research | Loom |
| 16:16 | Build | House |
| 16:19 | Build | House |
| 16:24 | Build | Farm |
| 16:27 | Build | Farm |
| 16:34 | Build | Farm |
| 16:40 | Build | Farm |
| 16:50 | Create | Villager (Male) |
| 16:54 | Build | House |
| 17:00 | Build | Farm |
| 17:03 | Build | Farm |
| 17:19 | Research | Castle Age |
| 17:20 | Research | Castle Age |
| 17:30 | Build | Barracks |
| 17:36 | Create | Villager (Male) |
| 17:36 | Create | Villager (Male) |
| 17:43 | Research | Stone Mining |
| 17:54 | Research | Gold Mining |
| 18:12 | Create | Villager (Male) |
| 18:25 | Build | Siege Workshop |
| 18:29 | Research | Fletching |
| 18:30 | Create | Villager (Male) |
| 18:42 | Create | Villager (Male) |
| 19:02 | Build | Stable |
| 19:03 | Create | Battering Ram |
| 19:03 | Create | Battering Ram |
| 19:17 | Create | Villager (Male) |
| 19:23 | Create | Battering Ram |
| 19:35 | Create | Villager (Male) |
| 19:42 | Research | Bloodlines |
| 20:03 | Create | Villager (Male) |
| 20:03 | Create | Villager (Male) |
| 20:03 | Create | Villager (Male) |
| 20:08 | Create | Battering Ram |
| 20:16 | Age | Castle Age |
| 20:21 | Research | Bodkin Arrow |
| 20:39 | Build | Castle |
| 20:45 | Research | Capped Ram (upgrade) |
| 20:48 | Create | Villager (Male) |
| 20:48 | Create | Villager (Male) |
| 20:58 | Create | Villager (Male) |
| 21:04 | Build | University |
| 21:09 | Create | Villager (Male) |
| 21:23 | Build | Lumber Camp |
| 21:28 | Create | Villager (Male) |
Build order — Kuro
First 150 of 254 actions detected
| 0:01 | Create | Villager (Male) |
| 0:02 | Create | Villager (Male) |
| 0:02 | Create | Villager (Male) |
| 0:04 | Build | House |
| 0:05 | Build | House |
| 0:45 | Create | Villager (Male) |
| 1:25 | Create | Villager (Male) |
| 1:47 | Build | Lumber Camp |
| 2:01 | Create | Villager (Male) |
| 2:24 | Create | Villager (Male) |
| 2:54 | Create | Villager (Male) |
| 3:50 | Create | Villager (Male) |
| 3:50 | Create | Villager (Male) |
| 3:50 | Create | Villager (Male) |
| 4:22 | Build | House |
| 4:23 | Build | House |
| 4:36 | Create | Villager (Male) |
| 4:36 | Create | Villager (Male) |
| 4:36 | Create | Villager (Male) |
| 4:47 | Create | Villager (Male) |
| 4:50 | Research | Loom |
| 4:50 | Create | Villager (Male) |
| 4:51 | Create | Villager (Male) |
| 5:12 | Create | Villager (Male) |
| 5:38 | Build | House |
| 5:53 | Build | House |
| 6:11 | Create | Villager (Male) |
| 6:34 | Build | Palisade Wall |
| 6:37 | Build | Palisade Wall |
| 6:47 | Create | Villager (Male) |
| 6:49 | Create | Villager (Male) |
| 7:02 | Build | Palisade Wall |
| 7:07 | Create | Villager (Male) |
| 7:16 | Create | Villager (Male) |
| 7:25 | Build | Mill |
| 7:45 | Create | Villager (Male) |
| 8:04 | Create | Villager (Male) |
| 8:34 | Create | Villager (Male) |
| 8:34 | Create | Villager (Male) |
| 8:43 | Create | Villager (Male) |
| 8:56 | Build | Lumber Camp |
| 8:59 | Create | Villager (Male) |
| 9:27 | Create | Villager (Male) |
| 9:28 | Create | Villager (Male) |
| 10:12 | Build | Mining Camp |
| 10:18 | Research | Feudal Age |
| 11:14 | Build | Palisade Wall |
| 11:16 | Build | Palisade Wall |
| 12:01 | Create | Villager (Male) |
| 12:01 | Create | Villager (Male) |
| 12:42 | Age | Feudal Age |
| 12:43 | Build | Market |
| 12:47 | Build | Blacksmith |
| 13:08 | Build | Palisade Wall |
| 13:09 | Build | Palisade Wall |
| 13:14 | Build | Palisade Wall |
| 13:16 | Build | Palisade Wall |
| 13:19 | Build | Palisade Wall |
| 13:32 | Research | Castle Age |
| 13:32 | Research | Castle Age |
| 14:40 | Build | Mining Camp |
| 15:05 | Research | Double-Bit Axe |
| 15:12 | Research | Horse Collar |
| 16:00 | Build | Stone Wall |
| 16:05 | Build | Stone Wall |
| 16:12 | Age | Castle Age |
| 16:22 | Build | Town Center |
| 16:25 | Build | Town Center |
| 16:31 | Create | Villager (Male) |
| 16:31 | Create | Villager (Male) |
| 16:32 | Create | Villager (Male) |
| 16:32 | Create | Villager (Male) |
| 16:46 | Research | Bow Saw |
| 16:54 | Build | Farm |
| 16:57 | Build | Farm |
| 16:59 | Build | Farm |
| 17:02 | Build | Farm |
| 17:24 | Build | Farm |
| 17:29 | Build | Farm |
| 17:31 | Create | Villager (Male) |
| 17:41 | Build | Stone Wall |
| 17:46 | Create | Villager (Male) |
| 17:47 | Create | Villager (Male) |
| 17:47 | Create | Villager (Male) |
| 17:47 | Create | Villager (Male) |
| 17:57 | Build | Farm |
| 18:02 | Build | Farm |
| 18:15 | Build | Stone Wall |
| 18:22 | Build | Farm |
| 18:22 | Create | Villager (Male) |
| 18:32 | Build | Farm |
| 18:33 | Create | Villager (Male) |
| 18:33 | Create | Villager (Male) |
| 18:40 | Build | House |
| 18:43 | Build | House |
| 18:49 | Build | Farm |
| 19:08 | Build | Farm |
| 19:14 | Build | Farm |
| 19:19 | Build | Farm |
| 19:22 | Build | Farm |
| 19:23 | Build | Farm |
| 19:24 | Build | Farm |
| 19:30 | Create | Villager (Male) |
| 19:30 | Create | Villager (Male) |
| 19:30 | Create | Villager (Male) |
| 19:30 | Create | Villager (Male) |
| 19:31 | Create | Villager (Male) |
| 19:33 | Create | Villager (Male) |
| 19:53 | Build | Barracks |
| 19:57 | Build | House |
| 19:59 | Create | Villager (Male) |
| 19:59 | Create | Villager (Male) |
| 20:00 | Create | Villager (Male) |
| 20:04 | Create | Villager (Male) |
| 20:08 | Build | Farm |
| 20:25 | Build | Stone Wall |
| 20:28 | Build | Stone Wall |
| 20:34 | Build | Stone Wall |
| 20:36 | Build | Stone Wall |
| 20:41 | Build | Farm |
| 20:44 | Create | Villager (Male) |
| 20:44 | Create | Villager (Male) |
| 20:44 | Create | Villager (Male) |
| 20:48 | Build | Barracks |
| 20:55 | Build | House |
| 20:58 | Create | Villager (Male) |
| 20:58 | Create | Villager (Male) |
| 20:58 | Create | Villager (Male) |
| 20:58 | Create | Villager (Male) |
| 21:07 | Build | Farm |
| 21:08 | Build | Farm |
| 21:09 | Build | Farm |
| 21:10 | Build | Farm |
| 21:17 | Build | Farm |
| 21:18 | Research | Heavy Plow |
| 21:49 | Research | Pikeman (upgrade) |
| 21:52 | Build | Barracks |
| 21:57 | Create | Spearman |
| 21:58 | Create | Spearman |
| 21:58 | Create | Spearman |
| 21:58 | Create | Spearman |
| 22:19 | Create | Spearman |
| 22:20 | Create | Spearman |
| 22:20 | Create | Spearman |
| 22:24 | Build | House |
| 22:25 | Build | House |
| 22:26 | Build | House |
| 22:28 | Build | House |
| 22:32 | Create | Spearman |
| 22:32 | Create | Spearman |
Build order — Benni
First 150 of 383 actions detected
| 0:00 | Create | Villager (Male) |
| 0:00 | Create | Villager (Male) |
| 0:02 | Build | House |
| 0:03 | Build | House |
| 0:08 | Create | Villager (Male) ×2 |
| 1:21 | Create | Villager (Male) |
| 1:54 | Create | Villager (Male) |
| 1:54 | Create | Villager (Male) |
| 1:57 | Build | Lumber Camp |
| 2:02 | Create | Villager (Male) |
| 2:27 | Create | Villager (Male) |
| 2:27 | Create | Villager (Male) |
| 2:51 | Create | Villager (Male) |
| 3:16 | Create | Villager (Male) |
| 3:16 | Create | Villager (Male) |
| 3:16 | Create | Villager (Male) |
| 3:39 | Create | Villager (Male) |
| 4:05 | Build | House |
| 4:11 | Create | Villager (Male) |
| 4:11 | Create | Villager (Male) |
| 4:33 | Build | House |
| 4:39 | Build | Mill |
| 4:40 | Create | Villager (Male) |
| 4:57 | Create | Villager (Male) |
| 4:58 | Create | Villager (Male) |
| 5:02 | Create | Villager (Male) |
| 5:29 | Build | House |
| 5:31 | Create | Villager (Male) |
| 5:31 | Create | Villager (Male) |
| 5:39 | Create | Villager (Male) |
| 6:00 | Create | Villager (Male) |
| 6:13 | Create | Villager (Male) |
| 6:13 | Research | Loom |
| 6:24 | Build | Palisade Wall |
| 6:26 | Build | Palisade Wall |
| 6:31 | Create | Villager (Male) |
| 6:31 | Create | Villager (Male) |
| 6:39 | Build | House |
| 7:05 | Research | Feudal Age |
| 7:06 | Research | Feudal Age |
| 7:13 | Build | Mining Camp |
| 8:42 | Build | Barracks |
| 8:58 | Create | Villager (Male) |
| 8:58 | Create | Villager (Male) |
| 9:15 | Age | Feudal Age |
| 9:19 | Research | Double-Bit Axe |
| 9:50 | Build | Archery Range |
| 10:07 | Create | Villager (Male) |
| 10:08 | Create | Villager (Male) |
| 10:34 | Create | Archer |
| 10:34 | Create | Archer |
| 10:55 | Create | Villager (Male) |
| 10:55 | Create | Villager (Male) |
| 10:55 | Create | Villager (Male) |
| 11:05 | Build | Archery Range |
| 11:08 | Create | Archer |
| 11:12 | Create | Villager (Male) |
| 11:25 | Build | Stone Wall |
| 11:31 | Build | Stone Wall |
| 11:36 | Create | Archer |
| 11:38 | Build | House |
| 11:39 | Build | House |
| 11:43 | Create | Villager (Male) |
| 11:46 | Create | Villager (Male) |
| 11:54 | Create | Archer |
| 11:54 | Create | Archer |
| 12:02 | Build | House |
| 12:03 | Build | House |
| 12:14 | Create | Archer |
| 12:15 | Create | Villager (Male) |
| 12:25 | Research | Gold Mining |
| 12:31 | Create | Archer |
| 12:55 | Create | Villager (Male) |
| 12:56 | Create | Archer |
| 12:56 | Create | Archer |
| 13:00 | Build | House |
| 13:01 | Build | House |
| 13:32 | Create | Villager (Male) |
| 13:39 | Create | Villager (Male) |
| 13:49 | Build | Blacksmith |
| 13:55 | Create | Archer |
| 13:56 | Create | Archer |
| 14:07 | Create | Villager (Male) |
| 14:16 | Create | Archer |
| 14:17 | Create | Archer |
| 14:21 | Create | Villager (Male) |
| 14:24 | Build | Farm |
| 14:25 | Build | Farm |
| 14:34 | Create | Archer |
| 14:37 | Create | Archer |
| 14:49 | Build | Farm |
| 14:49 | Build | Farm |
| 14:55 | Create | Archer |
| 15:00 | Create | Villager (Male) |
| 15:03 | Create | Villager (Male) |
| 15:14 | Create | Villager (Male) |
| 15:20 | Build | Farm |
| 15:23 | Create | Archer |
| 15:25 | Create | Villager (Male) |
| 15:45 | Build | Farm |
| 15:46 | Build | Farm |
| 15:47 | Create | Villager (Male) |
| 15:57 | Research | Horse Collar |
| 15:58 | Create | Archer |
| 16:02 | Build | House |
| 16:02 | Build | House |
| 16:14 | Create | Villager (Male) |
| 16:20 | Build | Farm |
| 16:22 | Create | Villager (Male) |
| 16:26 | Create | Archer |
| 16:49 | Create | Archer |
| 16:50 | Create | Archer |
| 16:51 | Create | Archer |
| 16:57 | Create | Villager (Male) |
| 17:03 | Create | Villager (Male) |
| 17:04 | Create | Villager (Male) |
| 17:06 | Build | Farm |
| 17:07 | Build | Farm |
| 17:20 | Build | Stone Wall |
| 17:22 | Build | Gate |
| 17:25 | Build | Stone Wall |
| 17:36 | Create | Archer |
| 17:37 | Create | Archer |
| 17:42 | Create | Archer |
| 17:43 | Create | Archer |
| 17:43 | Create | Archer |
| 17:46 | Create | Villager (Male) |
| 17:50 | Build | House |
| 17:53 | Build | Farm |
| 17:54 | Build | Farm |
| 18:26 | Create | Villager (Male) |
| 18:35 | Create | Villager (Male) |
| 18:41 | Build | Farm |
| 18:43 | Build | Farm |
| 18:44 | Build | Farm |
| 18:46 | Research | Wheelbarrow |
| 18:46 | Research | Wheelbarrow |
| 18:58 | Build | Stone Wall |
| 19:01 | Build | Gate |
| 19:06 | Build | Stone Wall |
| 19:13 | Create | Villager (Male) |
| 19:18 | Create | Villager (Male) |
| 19:24 | Build | Lumber Camp |
| 19:28 | Create | Archer |
| 19:29 | Create | Archer |
| 19:29 | Create | Archer |
| 19:50 | Build | Mining Camp |
| 20:05 | Create | Villager (Male) |
| 20:09 | Create | Archer |
| 20:26 | Build | House |
Build order — Rumpel the Idle
First 150 of 372 actions detected
| 0:00 | Create | Villager (Male) |
| 0:01 | Create | Villager (Male) |
| 0:01 | Create | Villager (Male) |
| 0:01 | Create | Villager (Male) |
| 0:02 | Build | House |
| 0:06 | Build | House |
| 1:15 | Create | Villager (Male) |
| 1:15 | Create | Villager (Male) |
| 1:27 | Create | Villager (Male) |
| 1:28 | Create | Villager (Male) |
| 2:09 | Create | Villager (Male) |
| 2:10 | Create | Villager (Male) |
| 2:24 | Build | Settlement |
| 2:32 | Create | Villager (Male) |
| 2:49 | Create | Villager (Male) |
| 2:50 | Create | Villager (Male) |
| 3:30 | Create | Villager (Male) |
| 3:30 | Create | Villager (Male) |
| 3:49 | Create | Villager (Male) |
| 3:49 | Create | Villager (Male) |
| 4:10 | Create | Villager (Male) |
| 4:10 | Create | Villager (Male) |
| 4:15 | Build | Settlement |
| 4:22 | Create | Villager (Male) |
| 4:22 | Create | Villager (Male) |
| 4:44 | Create | Villager (Male) |
| 4:44 | Create | Villager (Male) |
| 5:08 | Create | Villager (Male) |
| 5:08 | Create | Villager (Male) |
| 5:57 | Create | Villager (Male) |
| 5:57 | Create | Villager (Male) |
| 5:58 | Create | Villager (Male) |
| 6:05 | Create | Villager (Male) |
| 6:39 | Create | Villager (Male) |
| 6:54 | Create | Villager (Male) |
| 7:21 | Create | Villager (Male) |
| 7:40 | Create | Villager (Male) |
| 7:51 | Create | Villager (Male) |
| 7:58 | Build | House |
| 8:25 | Create | Villager (Male) |
| 8:40 | Create | Villager (Male) |
| 8:46 | Research | Loom |
| 8:47 | Create | Villager (Male) |
| 8:47 | Create | Villager (Male) |
| 9:36 | Create | Villager (Male) |
| 9:52 | Build | Farm |
| 9:58 | Research | Feudal Age |
| 10:14 | Build | Settlement |
| 10:37 | Build | Farm |
| 10:43 | Build | Farm |
| 10:59 | Create | Villager (Male) |
| 10:59 | Create | Villager (Male) |
| 12:11 | Age | Feudal Age |
| 12:24 | Build | Market |
| 12:27 | Build | Blacksmith |
| 13:34 | Research | Castle Age |
| 13:48 | Research | Double-Bit Axe |
| 13:52 | Research | Horse Collar |
| 14:08 | Build | Farm |
| 14:15 | Create | Villager (Male) |
| 16:14 | Age | Castle Age |
| 16:18 | Create | Villager (Male) |
| 16:28 | Build | Siege Workshop |
| 16:43 | Build | Town Center |
| 16:53 | Create | Villager (Male) |
| 17:07 | Create | Villager (Male) |
| 17:15 | Build | Farm |
| 17:33 | Create | Villager (Male) |
| 17:35 | Create | Villager (Male) |
| 17:49 | Build | Farm |
| 17:54 | Create | Villager (Male) |
| 17:58 | Build | Farm |
| 18:01 | Create | Villager (Male) |
| 18:02 | Create | Villager (Male) |
| 18:20 | Build | House |
| 18:27 | Create | Mangonel |
| 18:37 | Create | Villager (Male) |
| 18:40 | Build | Farm |
| 18:44 | Build | Farm |
| 18:46 | Build | Farm |
| 18:47 | Create | Villager (Male) |
| 18:50 | Build | Farm |
| 18:51 | Create | Villager (Male) |
| 18:58 | Build | House |
| 19:09 | Build | Settlement |
| 19:32 | Build | Farm |
| 19:38 | Create | Villager (Male) |
| 19:38 | Create | Villager (Male) |
| 19:49 | Create | Villager (Male) |
| 19:52 | Build | Farm |
| 20:08 | Create | Villager (Male) |
| 20:10 | Create | Villager (Male) |
| 20:12 | Build | Farm |
| 20:15 | Create | Villager (Male) |
| 20:38 | Create | Villager (Male) |
| 20:41 | Build | Farm |
| 20:41 | Create | Villager (Male) |
| 20:44 | Create | Villager (Male) |
| 21:09 | Create | Villager (Male) |
| 21:13 | Create | Mangonel |
| 21:31 | Build | Farm |
| 21:36 | Build | Farm |
| 21:36 | Create | Villager (Male) |
| 21:42 | Create | Villager (Male) |
| 22:39 | Create | Villager (Male) |
| 22:39 | Create | Villager (Male) |
| 22:40 | Create | Villager (Male) |
| 23:09 | Build | Castle |
| 23:34 | Build | Castle |
| 23:38 | Create | Villager (Male) |
| 23:39 | Create | Villager (Male) |
| 23:39 | Create | Villager (Male) |
| 23:41 | Create | Villager (Male) |
| 23:43 | Build | Farm |
| 23:45 | Build | House |
| 23:47 | Build | House |
| 23:49 | Build | House |
| 23:50 | Build | House |
| 23:52 | Create | Villager (Male) |
| 23:52 | Create | Villager (Male) |
| 23:57 | Build | Town Center |
| 24:02 | Create | Villager (Male) |
| 24:08 | Research | Wheelbarrow |
| 24:09 | Create | Villager (Male) |
| 24:09 | Create | Villager (Male) |
| 24:10 | Create | Villager (Male) |
| 24:12 | Build | Farm |
| 24:14 | Build | Farm |
| 24:17 | Build | Farm |
| 24:18 | Create | Villager (Male) |
| 24:27 | Build | Farm |
| 25:01 | Create | Petard |
| 25:01 | Create | Petard |
| 25:49 | Build | Town Center |
| 25:52 | Create | Villager (Male) |
| 25:54 | Create | Villager (Male) |
| 25:56 | Create | Villager (Male) |
| 25:59 | Build | Farm |
| 26:00 | Create | Villager (Male) |
| 26:00 | Create | Villager (Male) |
| 26:15 | Build | Farm |
| 26:19 | Build | House |
| 26:21 | Build | House |
| 26:21 | Build | House |
| 26:47 | Create | Villager (Male) |
| 26:48 | Create | Villager (Male) |
| 26:50 | Create | Villager (Male) |
| 26:50 | Create | Villager (Male) |
| 26:52 | Create | Villager (Male) |
| 26:52 | Create | Villager (Male) |
Build order — EZLIVING:D
First 150 of 258 actions detected
| 0:01 | Create | Villager (Male) |
| 0:02 | Create | Villager (Male) |
| 0:02 | Create | Villager (Male) |
| 0:03 | Build | House |
| 0:04 | Build | House |
| 0:06 | Build | House |
| 0:21 | Create | Villager (Male) |
| 1:29 | Create | Villager (Male) |
| 1:54 | Build | Settlement |
| 2:11 | Create | Villager (Male) |
| 2:12 | Create | Villager (Male) |
| 2:13 | Create | Villager (Male) |
| 2:55 | Create | Villager (Male) |
| 2:56 | Create | Villager (Male) |
| 3:06 | Create | Villager (Male) |
| 3:40 | Create | Villager (Male) |
| 4:04 | Create | Villager (Male) |
| 4:25 | Create | Villager (Male) |
| 4:26 | Create | Villager (Male) |
| 4:37 | Build | Palisade Wall |
| 5:10 | Create | Villager (Male) |
| 5:10 | Create | Villager (Male) |
| 5:24 | Research | Loom |
| 5:32 | Create | Villager (Male) |
| 5:32 | Create | Villager (Male) |
| 5:51 | Build | Palisade Wall |
| 5:55 | Create | Villager (Male) |
| 5:56 | Create | Villager (Male) |
| 6:21 | Create | Villager (Male) |
| 6:22 | Create | Villager (Male) |
| 6:22 | Create | Villager (Male) |
| 7:02 | Build | Settlement |
| 7:12 | Build | House |
| 7:17 | Build | House |
| 7:59 | Create | Villager (Male) |
| 8:08 | Build | House |
| 8:09 | Build | House |
| 8:27 | Research | Feudal Age |
| 8:55 | Build | Farm |
| 8:57 | Build | Farm |
| 8:57 | Build | Farm |
| 8:58 | Build | Farm |
| 9:10 | Create | Villager (Male) |
| 9:31 | Build | Palisade Wall |
| 9:32 | Build | Palisade Wall |
| 10:00 | Create | Villager (Male) |
| 10:40 | Age | Feudal Age |
| 11:25 | Create | Villager (Male) |
| 11:43 | Build | Settlement |
| 11:51 | Build | Blacksmith |
| 11:57 | Build | Blacksmith |
| 11:59 | Create | Villager (Male) |
| 12:00 | Create | Villager (Male) |
| 12:44 | Build | Market |
| 12:55 | Create | Villager (Male) |
| 13:17 | Create | Villager (Male) |
| 13:34 | Research | Horse Collar |
| 13:36 | Research | Castle Age |
| 13:37 | Research | Castle Age |
| 13:44 | Build | House |
| 13:51 | Build | Palisade Wall |
| 14:03 | Research | Double-Bit Axe |
| 15:42 | Create | Villager (Male) |
| 15:42 | Create | Villager (Male) |
| 16:25 | Age | Castle Age |
| 16:27 | Build | Town Center |
| 16:31 | Build | Town Center |
| 16:33 | Create | Villager (Male) |
| 16:44 | Build | Barracks |
| 16:55 | Research | Bow Saw |
| 17:01 | Build | Farm |
| 17:38 | Create | Villager (Male) |
| 17:38 | Create | Villager (Male) |
| 17:40 | Create | Villager (Male) |
| 17:47 | Build | Farm |
| 17:51 | Build | Farm |
| 17:52 | Build | Farm |
| 18:03 | Create | Villager (Male) |
| 18:03 | Create | Villager (Male) |
| 18:22 | Create | Villager (Male) |
| 18:30 | Build | Siege Workshop |
| 18:32 | Create | Villager (Male) |
| 18:35 | Create | Villager (Male) |
| 18:35 | Create | Villager (Male) |
| 18:43 | Build | Farm |
| 18:44 | Create | Villager (Male) |
| 18:44 | Create | Villager (Male) |
| 18:59 | Build | Farm |
| 19:03 | Create | Villager (Male) ×5 |
| 19:08 | Create | Villager (Male) |
| 19:13 | Create | Villager (Male) |
| 20:01 | Build | Farm |
| 20:02 | Build | Farm |
| 20:03 | Create | Villager (Male) ×4 |
| 20:13 | Build | Town Center |
| 20:26 | Build | Farm |
| 20:28 | Build | Farm |
| 20:30 | Create | Villager (Male) ×2 |
| 20:37 | Create | Mangonel |
| 20:43 | Create | Villager (Male) |
| 21:00 | Create | Villager (Male) ×2 |
| 21:08 | Create | Mangonel |
| 21:15 | Build | House |
| 21:17 | Build | House |
| 21:18 | Build | House |
| 21:18 | Create | Villager (Male) ×5 |
| 21:19 | Create | Villager (Male) ×5 |
| 21:24 | Build | Farm |
| 21:27 | Build | Farm |
| 21:28 | Build | Farm |
| 21:28 | Build | Farm |
| 21:28 | Build | Farm |
| 21:38 | Build | Farm |
| 21:41 | Create | Villager (Male) |
| 21:42 | Create | Villager (Male) |
| 21:46 | Create | Villager (Male) |
| 21:48 | Create | Villager (Male) |
| 21:48 | Create | Villager (Male) |
| 21:52 | Create | Villager (Male) |
| 22:01 | Research | Wheelbarrow |
| 22:02 | Create | Villager (Male) |
| 22:03 | Create | Villager (Male) |
| 22:06 | Build | Farm |
| 22:07 | Build | Farm |
| 22:07 | Build | Farm |
| 22:11 | Build | Farm |
| 22:11 | Build | Farm |
| 22:11 | Build | Farm |
| 22:17 | Create | Villager (Male) |
| 22:18 | Create | Villager (Male) |
| 22:19 | Create | Villager (Male) |
| 22:19 | Create | Villager (Male) |
| 22:40 | Build | Stone Wall |
| 22:47 | Create | Mangonel |
| 23:26 | Build | Gate |
| 23:33 | Create | Villager (Male) ×5 |
| 23:34 | Create | Mangonel |
| 23:37 | Create | Villager (Male) ×5 |
| 23:48 | Create | Villager (Male) ×5 |
| 23:48 | Create | Villager (Male) ×5 |
| 24:01 | Create | Villager (Male) ×3 |
| 24:05 | Build | Barracks |
| 24:05 | Build | Barracks |
| 24:06 | Build | Barracks |
| 24:06 | Build | Barracks |
| 24:15 | Research | Tech 1402 |
| 24:21 | Research | Scale Mail Armor |
| 24:21 | Create | Villager (Male) ×3 |
| 24:44 | Research | Squires |
| 24:50 | Create | Villager (Male) ×3 |
Match timeline
| 4:37 | EZLIVING:D · wall_segment Palisade Wall x8 |
| 5:51 | EZLIVING:D · wall_segment Palisade Wall x10 |
| 6:23 | Rex Caedis · wall_segment Palisade Wall x1 |
| 6:24 | Rex Caedis · wall_segment Palisade Wall x1 |
| 6:24 | Benni · wall_segment Palisade Wall x1 |
| 6:25 | Rex Caedis · wall_segment Palisade Wall x1 |
| 6:26 | Rex Caedis · wall_segment Palisade Wall x1 |
| 6:26 | Rex Caedis · wall_segment Palisade Wall x1 |
| 6:26 | Benni · wall_segment Palisade Wall x1 |
| 6:34 | Kuro · wall_segment Palisade Wall x2 |
| 6:37 | Kuro · wall_segment Palisade Wall x1 |
| 6:56 | Vingtor · wall_segment Palisade Wall x13 |
| 7:02 | Kuro · wall_segment Palisade Wall x10 |
| 8:42 | Benni · first_building Barracks |
| 9:15 | Rex Caedis · age_up feudal |
| 9:15 | Benni · age_up feudal |
| 9:31 | EZLIVING:D · wall_segment Palisade Wall x1 |
| 9:32 | EZLIVING:D · wall_segment Palisade Wall x2 |
| 9:46 | pNaStY- oG. · wall_segment Palisade Wall x10 |
| 9:50 | Benni · first_building Archery Range |
| 10:15 | privalovivan99 · age_up feudal |
| 10:22 | pNaStY- oG. · wall_segment Palisade Wall x6 |
| 10:40 | EZLIVING:D · age_up feudal |
| 10:45 | Rex Caedis · wall_segment Palisade Wall x6 |
| 10:52 | Rex Caedis · wall_segment Palisade Wall x1 |
| 10:52 | Rex Caedis · wall_segment Palisade Wall x1 |
| 10:52 | Rex Caedis · wall_segment Palisade Wall x1 |
| 10:55 | Vingtor · age_up feudal |
| 11:14 | Kuro · wall_segment Palisade Wall x7 |
| 11:16 | Kuro · wall_segment Palisade Wall x4 |
| 11:25 | Benni · wall_segment Stone Wall x6 |
| 11:31 | Benni · wall_segment Stone Wall x2 |
| 11:54 | pNaStY- oG. · age_up feudal |
| 12:11 | Rumpel the Idle · age_up feudal |
| 12:42 | Kuro · age_up feudal |
| 13:08 | Kuro · wall_segment Palisade Wall x1 |
| 13:09 | Kuro · wall_segment Palisade Wall x1 |
| 13:14 | Kuro · wall_segment Palisade Wall x11 |
| 13:16 | Kuro · wall_segment Palisade Wall x1 |
| 13:19 | Kuro · wall_segment Palisade Wall x1 |
| 13:21 | Rumpel the Idle · first_market_sell 100 food |
| 13:48 | privalovivan99 · age_up castle |
| 13:51 | EZLIVING:D · wall_segment Palisade Wall x1 |
| 14:11 | privalovivan99 · first_building Monastery |
| 14:19 | Vingtor · first_market_buy 100 wood |
| 14:35 | Rex Caedis · wall_segment Palisade Wall x1 |
| 14:37 | pNaStY- oG. · first_market_sell 100 food |
| 14:38 | pNaStY- oG. · first_market_buy 100 stone |
| 14:50 | Vingtor · age_up castle |
| 14:54 | Vingtor · first_building Siege Workshop |
| 15:21 | pNaStY- oG. · wall_segment Palisade Wall x1 |
| 15:57 | pNaStY- oG. · age_up castle |
| 16:00 | Kuro · wall_segment Stone Wall x1 |
| 16:05 | Kuro · wall_segment Stone Wall x12 |
| 16:12 | Kuro · age_up castle |
| 16:14 | Rumpel the Idle · age_up castle |
| 16:25 | EZLIVING:D · age_up castle |
| 16:28 | Rumpel the Idle · first_building Siege Workshop |
| 16:44 | EZLIVING:D · first_building Barracks |
| 16:47 | pNaStY- oG. · first_building Siege Workshop |
| 17:20 | Benni · wall_segment Stone Wall x3 |
| 17:25 | Benni · wall_segment Stone Wall x4 |
| 17:30 | Rex Caedis · first_building Barracks |
| 17:41 | Kuro · wall_segment Stone Wall x5 |
| 18:15 | Kuro · wall_segment Stone Wall x8 |
| 18:25 | Rex Caedis · first_building Siege Workshop |
| 18:26 | Vingtor · first_building Monastery |
| 18:30 | EZLIVING:D · first_building Siege Workshop |
| 18:58 | Benni · wall_segment Stone Wall x2 |
| 19:02 | Rex Caedis · first_building Stable |
| 19:06 | Benni · wall_segment Stone Wall x1 |
| 19:53 | Kuro · first_building Barracks |
| 20:07 | EZLIVING:D · first_market_buy 100 stone |
| 20:16 | Rex Caedis · age_up castle |
| 20:25 | Kuro · wall_segment Stone Wall x1 |
| 20:28 | Kuro · wall_segment Stone Wall x11 |
| 20:34 | Benni · wall_segment Stone Wall x1 |
| 20:34 | Kuro · wall_segment Stone Wall x6 |
| 20:35 | Vingtor · first_market_sell 100 wood |
| 20:36 | Kuro · wall_segment Stone Wall x2 |
| 20:39 | Rex Caedis · first_building Castle |
| 21:00 | Benni · wall_segment Stone Wall x3 |
| 21:14 | pNaStY- oG. · first_building Castle |
| 22:05 | privalovivan99 · first_building Barracks |
| 22:25 | Vingtor · first_building Castle |
| 22:38 | Vingtor · wall_segment Stone Wall x8 |
| 22:40 | EZLIVING:D · wall_segment Stone Wall x9 |
| 23:09 | Rumpel the Idle · first_building Castle |
| 23:10 | privalovivan99 · first_building Stable |
| 23:22 | Benni · age_up castle |
| 23:53 | pNaStY- oG. · first_building Barracks |
| 24:09 | Kuro · first_building Castle |
| 24:12 | Benni · wall_segment Palisade Wall x3 |
| 25:27 | pNaStY- oG. · first_building Stable |
| 26:18 | Kuro · wall_segment Stone Wall x3 |
| 26:24 | Kuro · wall_segment Stone Wall x4 |
| 27:31 | EZLIVING:D · first_market_sell 500 wood |
| 28:13 | privalovivan99 · age_up imperial |
| 28:24 | Rumpel the Idle · first_building Barracks |
| 28:34 | Rex Caedis · first_market_sell 500 wood |
| 28:35 | Rex Caedis · first_market_buy 100 stone |
| 29:09 | Benni · first_building Monastery |
| 29:17 | Vingtor · age_up imperial |
| 29:40 | pNaStY- oG. · tribute_sent a jugador 1 |
| 29:40 | pNaStY- oG. · tribute_sent a jugador 2 |
| 29:40 | pNaStY- oG. · tribute_sent a jugador 3 |
| 29:40 | pNaStY- oG. · tribute_sent a jugador 4 |
| 29:40 | pNaStY- oG. · tribute_sent a jugador 5 |
| 29:40 | pNaStY- oG. · tribute_sent a jugador 7 |
| 29:40 | pNaStY- oG. · tribute_sent a jugador 8 |
| 30:21 | Rumpel the Idle · tribute_sent a jugador 1 |
| 30:21 | Rumpel the Idle · tribute_sent a jugador 2 |
| 30:21 | Rumpel the Idle · tribute_sent a jugador 3 |
| 30:21 | Rumpel the Idle · tribute_sent a jugador 4 |
| 30:21 | Rumpel the Idle · tribute_sent a jugador 5 |
| 30:21 | Rumpel the Idle · tribute_sent a jugador 6 |
| 30:21 | Rumpel the Idle · tribute_sent a jugador 8 |
| 30:38 | Benni · first_building Castle |
| 30:54 | Kuro · first_building Siege Workshop |
| 32:01 | Benni · first_market_buy 100 stone |
| 32:24 | privalovivan99 · first_building Siege Workshop |
| 33:07 | Kuro · wall_segment Stone Wall x5 |
| 33:24 | Rumpel the Idle · age_up imperial |
| 33:39 | Benni · age_up imperial |
| 33:43 | EZLIVING:D · wall_segment Stone Wall x6 |
| 33:47 | EZLIVING:D · age_up imperial |
| 34:00 | Benni · first_market_sell 100 wood |
| 34:12 | pNaStY- oG. · age_up imperial |
| 34:20 | Rex Caedis · age_up imperial |
| 34:50 | privalovivan99 · first_building Castle |
| 35:53 | Kuro · wall_segment Stone Wall x3 |
| 37:03 | EZLIVING:D · resign |
[ AI ANALYSIS · 1 CREDIT ]
What really happened in this match?
Wolo.gg analyzes every decision: build order, eco, micro, common mistakes by bracket. Personalized analysis on WhatsApp or Discord in 30 seconds.
Civ guide
Saracens
Map guide
Black Forest
Perfil
pNaStY- oG.